TOP OF THE 1ST |
Wichita Wranglers batting - Pitching for Santa Fe Diablos : RHP Jacob Bryant
|
Pitching: RHP Jacob Bryant
|
|
Batting: RHB Tom Howe
|
0-0: Fly out, F9 (Flyball, 9S)
|
Batting: RHB Carlos Flores
|
0-0: Swinging Strike 0-1: Ground out 5-3 (Groundball, 5L)
|
Batting: RHB Norberto Taváres
|
0-0: Ball 1-0: Ball 2-0: Ball 3-0: Base on Balls
|
Batting: LHB Rusty Clinton
|
0-0: Called Strike 0-1: Ball 1-1: Ball 2-1: Ball 3-1: Fly out, F6 (Popup, 7LS)
|
Top of the 1st over - 0 run(s), 0 hit(s), 0 error(s), 1 left on base; Wichita 0 - Santa Fe 0 |
BOTTOM OF THE 1ST |
Santa Fe Diablos batting - Pitching for Wichita Wranglers : RHP George Lockhart
|
Pitching: RHP George Lockhart
|
|
Batting: RHB Ray Davis
|
0-0: Ball 1-0: Swinging Strike 1-1: Foul Ball, location: 2F 1-2: Ball 2-2: Foul Ball, location: 2F 2-2: Ball 3-2: Strikes out looking
|
Batting: LHB John Nicholson
|
0-0: Ball 1-0: Ball 2-0: Ball 3-0: Called Strike 3-1: Foul Ball, location: 2F 3-2: Strikes out swinging
|
Batting: RHB Roberto Zamora
|
0-0: Swinging Strike 0-1: Ball 1-1: Called Strike 1-2: Ball 2-2: Strikes out swinging
|
Bottom of the 1st over - 0 run(s), 0 hit(s), 0 error(s), 0 left on base; Wichita 0 - Santa Fe 0 |
TOP OF THE 2ND |
Wichita Wranglers batting - Pitching for Santa Fe Diablos : RHP Jacob Bryant
|
Batting: SHB Javier Peńa
|
0-0: Ball 1-0: Ball 2-0: Called Strike 2-1: Called Strike 2-2: Foul Ball, location: 2F 2-2: Ground out 2-3 (Groundball, 25)
|
Batting: RHB Jesús Ibarra
|
0-0: Fly out, F5 (Popup, 25F)
|
Batting: RHB Desi Thompson
|
0-0: Ball 1-0: Called Strike 1-1: Swinging Strike 1-2: Ball 2-2: Ground out 4-3 (Groundball, 4M)
|
Top of the 2nd over - 0 run(s), 0 hit(s), 0 error(s), 0 left on base; Wichita 0 - Santa Fe 0 |
BOTTOM OF THE 2ND |
Santa Fe Diablos batting - Pitching for Wichita Wranglers : RHP George Lockhart
|
Batting: SHB António Hernández
|
0-0: Called Strike 0-1: Ball 1-1: Ground out U3 (Groundball, 3)
|
Batting: LHB Don Soper
|
0-0: Called Strike 0-1: Ball 1-1: Ground out 4-3 (Groundball, 34)
|
Batting: LHB Gary Kern
|
0-0: Ball 1-0: Swinging Strike 1-1: Swinging Strike 1-2: SINGLE (Groundball, 34D)
|
Batting: SHB Ángel Díaz
|
0-0: Called Strike 0-1: Ball 1-1: Ball 2-1: SINGLE (Groundball, 34) (infield hit) Gary Kern to second
|
Batting: RHB John Riley
|
0-0: Foul Ball, location: 2F 0-1: Ball 1-1: Ball 2-1: Ball 3-1: Base on Balls Gary Kern to third Ángel Díaz to second
|
Batting: SHB Scott Compton
|
0-0: Ball 1-0: Fly out, F7 (Flyball, 78M)
|
Bottom of the 2nd over - 0 run(s), 2 hit(s), 0 error(s), 3 left on base; Wichita 0 - Santa Fe 0 |
TOP OF THE 3RD |
Wichita Wranglers batting - Pitching for Santa Fe Diablos : RHP Jacob Bryant
|
Batting: SHB Shane Hutchinson
|
0-0: Ball 1-0: Swinging Strike 1-1: Foul Ball, location: 2F 1-2: Ball 2-2: Strikes out swinging
|
Batting: RHB Dave Henderson
|
0-0: Called Strike 0-1: Swinging Strike 0-2: Foul Ball, location: 2F 0-2: Ball 1-2: Strikes out swinging
|
Batting: RHB Tom Howe
|
0-0: SINGLE (Line Drive, 6MD)
|
Batting: RHB Carlos Flores
|
0-0: Ball 1-0: Ball Wild Pitch! Tom Howe to second 2-0: Foul Ball, location: 2F 2-1: Ball 3-1: Called Strike 3-2: Base on Balls
|
Batting: RHB Norberto Taváres
|
0-0: Called Strike 0-1: Called Strike 0-2: Ball 1-2: Ball 2-2: Foul Ball, location: 2F 2-2: Ball 3-2: Foul Ball, location: 2F 3-2: Base on Balls Tom Howe to third Carlos Flores to second
|
Batting: LHB Rusty Clinton
|
0-0: Ball 1-0: Ground out 1-3 (Groundball, 13S)
|
Top of the 3rd over - 0 run(s), 1 hit(s), 0 error(s), 3 left on base; Wichita 0 - Santa Fe 0 |
BOTTOM OF THE 3RD |
Santa Fe Diablos batting - Pitching for Wichita Wranglers : RHP George Lockhart
|
Batting: RHB Ray Davis
|
0-0: Called Strike 0-1: Hit by Pitch
|
Batting: LHB John Nicholson
|
0-0: Called Strike 0-1: Ball 1-1: Ball 2-1: Foul Ball, location: 2F 2-2: Fly out, F8 (Flyball, 8RM)
|
Batting: RHB Roberto Zamora
|
0-0: Ball 1-0: Foul Ball, location: 2F 1-1: Ball 2-1: Grounds into double play, 5-4-3 (Groundball, 56)
|
Bottom of the 3rd over - 0 run(s), 0 hit(s), 0 error(s), 0 left on base; Wichita 0 - Santa Fe 0 |
TOP OF THE 4TH |
Wichita Wranglers batting - Pitching for Santa Fe Diablos : RHP Jacob Bryant
|
Batting: SHB Javier Peńa
|
0-0: Ball 1-0: Fly out, F8 (Flyball, 8RM)
|
Batting: RHB Jesús Ibarra
|
0-0: Called Strike 0-1: Fly out, F8 (Flyball, 8LXD)
|
Batting: RHB Desi Thompson
|
0-0: Ball 1-0: Ball 2-0: Swinging Strike 2-1: Called Strike 2-2: Foul Ball, location: 2F 2-2: Strikes out swinging
|
Top of the 4th over - 0 run(s), 0 hit(s), 0 error(s), 0 left on base; Wichita 0 - Santa Fe 0 |
BOTTOM OF THE 4TH |
Santa Fe Diablos batting - Pitching for Wichita Wranglers : RHP George Lockhart
|
Batting: SHB António Hernández
|
0-0: Ball 1-0: Called Strike 1-1: Ball 2-1: Swinging Strike 2-2: Fly out, F7 (Flyball, 78M)
|
Batting: LHB Don Soper
|
0-0: Ball 1-0: Ground out 1-3 (Groundball, 15)
|
Batting: LHB Gary Kern
|
0-0: Foul Ball, location: 2F 0-1: Ball 1-1: Foul Ball, location: 2F 1-2: Foul Ball, location: 2F 1-2: Fly out, F7 (Line Drive, 78S)
|
Bottom of the 4th over - 0 run(s), 0 hit(s), 0 error(s), 0 left on base; Wichita 0 - Santa Fe 0 |
TOP OF THE 5TH |
Wichita Wranglers batting - Pitching for Santa Fe Diablos : RHP Jacob Bryant
|
Batting: SHB Shane Hutchinson
|
0-0: Ball 1-0: Called Strike 1-1: Ball 2-1: Ground out 5-3 (Groundball, 6S)
|
Batting: RHB Dave Henderson
|
0-0: Called Strike 0-1: Ball 1-1: Swinging Strike 1-2: Ball 2-2: Fly out, F6 (Popup, 4M)
|
Batting: RHB Tom Howe
|
0-0: Called Strike 0-1: Ball 1-1: Ball 2-1: Swinging Strike 2-2: Foul Ball, location: 2F 2-2: Ball 3-2: Strikes out swinging
|
Top of the 5th over - 0 run(s), 0 hit(s), 0 error(s), 0 left on base; Wichita 0 - Santa Fe 0 |
BOTTOM OF THE 5TH |
Santa Fe Diablos batting - Pitching for Wichita Wranglers : RHP George Lockhart
|
Batting: SHB Ángel Díaz
|
0-0: Ground out U3 (Groundball, 3)
|
Batting: RHB John Riley
|
0-0: Ball 1-0: Swinging Strike 1-1: Foul Ball, location: 2F 1-2: Strikes out swinging
|
Batting: SHB Scott Compton
|
0-0: Called Strike 0-1: Foul Ball, location: 2F 0-2: Ball 1-2: Ball 2-2: Ball 3-2: Strikes out swinging
|
Bottom of the 5th over - 0 run(s), 0 hit(s), 0 error(s), 0 left on base; Wichita 0 - Santa Fe 0 |
TOP OF THE 6TH |
Wichita Wranglers batting - Pitching for Santa Fe Diablos : RHP Jacob Bryant
|
Batting: RHB Carlos Flores
|
0-0: Ball 1-0: Ball 2-0: Ball 3-0: Called Strike 3-1: Fly out, F9 (Line Drive, 9LM)
|
Batting: RHB Norberto Taváres
|
0-0: Called Strike 0-1: Foul Ball, location: 2F 0-2: Strikes out swinging
|
Batting: LHB Rusty Clinton
|
0-0: Ground out 4-3 (Groundball, 4)
|
Top of the 6th over - 0 run(s), 0 hit(s), 0 error(s), 0 left on base; Wichita 0 - Santa Fe 0 |
BOTTOM OF THE 6TH |
Santa Fe Diablos batting - Pitching for Wichita Wranglers : RHP George Lockhart
|
Batting: RHB Ray Davis
|
0-0: Fly out, F6 (Popup, 6D)
|
Batting: LHB John Nicholson
|
0-0: Foul Ball, location: 2F 0-1: SINGLE (Line Drive, 9LM)
|
Batting: RHB Roberto Zamora
|
0-0: Called Strike John Nicholson steals 2nd base 0-1: Called Strike Balk! John Nicholson to third 0-2: Foul Ball, location: 2F 0-2: Strikes out swinging
|
Batting: SHB António Hernández
|
0-0: Foul Ball, location: 2F 0-1: Ground out U3 (Groundball, 3L)
|
Bottom of the 6th over - 0 run(s), 1 hit(s), 0 error(s), 1 left on base; Wichita 0 - Santa Fe 0 |
TOP OF THE 7TH |
Wichita Wranglers batting - Pitching for Santa Fe Diablos : RHP Jacob Bryant
|
Batting: SHB Javier Peńa
|
0-0: Ball 1-0: Foul Ball, location: 2F 1-1: Swinging Strike 1-2: Strikes out swinging
|
Batting: RHB Jesús Ibarra
|
0-0: Ball 1-0: Swinging Strike 1-1: Swinging Strike 1-2: Strikes out looking
|
Batting: RHB Desi Thompson
|
0-0: Called Strike 0-1: Fly out, F7 (Flyball, 7D)
|
Top of the 7th over - 0 run(s), 0 hit(s), 0 error(s), 0 left on base; Wichita 0 - Santa Fe 0 |
BOTTOM OF THE 7TH |
Santa Fe Diablos batting - Pitching for Wichita Wranglers : RHP George Lockhart
|
Batting: LHB Don Soper
|
0-0: Called Strike 0-1: Ball 1-1: Swinging Strike 1-2: Strikes out swinging
|
Batting: LHB Gary Kern
|
0-0: Ball 1-0: Foul Ball, location: 2F 1-1: Swinging Strike 1-2: Ball 2-2: Strikes out looking
|
Batting: SHB Ángel Díaz
|
0-0: Called Strike 0-1: Called Strike 0-2: Foul Ball, location: 2F 0-2: Ball 1-2: Strikes out swinging
|
Bottom of the 7th over - 0 run(s), 0 hit(s), 0 error(s), 0 left on base; Wichita 0 - Santa Fe 0 |
TOP OF THE 8TH |
Wichita Wranglers batting - Pitching for Santa Fe Diablos : RHP Jacob Bryant
|
Pitching: LHP Daniel Draper
|
|
Pinch Hitting: RHB Javier Coronado
|
0-0: Called Strike 0-1: Foul Ball, location: 2F 0-2: Ball 1-2: Ball 2-2: Foul Ball, location: 2F 2-2: Strikes out swinging
|
Batting: RHB Dave Henderson
|
0-0: Ball 1-0: Called Strike 1-1: DOUBLE (Line Drive, 9LM)
|
Batting: RHB Tom Howe
|
0-0: Intentional Walk
|
Batting: RHB Carlos Flores
|
0-0: Foul Ball, location: 2F 0-1: Ball 1-1: Foul Ball, location: 2F 1-2: Strikes out swinging
|
Batting: RHB Norberto Taváres
|
0-0: Ball 1-0: Called Strike 1-1: Foul Ball, location: 2F 1-2: SINGLE (Line Drive, 3D) Dave Henderson to third Tom Howe to second Runner from 3rd tries for Home, SAFE, no throw or cutoff
|
Pinch Hitting: RHB Felipe Lópes
|
0-0: Called Strike 0-1: Ground out 4-3 (Groundball, 4)
|
Top of the 8th over - 1 run(s), 2 hit(s), 0 error(s), 2 left on base; Wichita 1 - Santa Fe 0 |
BOTTOM OF THE 8TH |
Santa Fe Diablos batting - Pitching for Wichita Wranglers : RHP George Lockhart
|
Pitching: LHP José Gallegos
|
|
Now at 1B: Matt Numbers
|
|
Now at 3B: Javier Coronado
|
|
Batting: RHB John Riley
|
0-0: Called Strike 0-1: Foul Ball, location: 2F 0-2: Ball 1-2: Foul Ball, location: 2F 1-2: Strikes out swinging
|
Pitching: LHP Tommy Campbell
|
|
Batting: SHB Scott Compton
|
0-0: Called Strike 0-1: Ball 1-1: Called Strike 1-2: Strikes out swinging
|
Pitching: RHP Juan Vázquez
|
|
Batting: RHB Ray Davis
|
0-0: Called Strike 0-1: Swinging Strike 0-2: Ball 1-2: Strikes out swinging
|
Bottom of the 8th over - 0 run(s), 0 hit(s), 0 error(s), 0 left on base; Wichita 1 - Santa Fe 0 |
TOP OF THE 9TH |
Wichita Wranglers batting - Pitching for Santa Fe Diablos : LHP Daniel Draper
|
Pitching: RHP Kenshin Kubota
|
|
Batting: SHB Javier Peńa
|
0-0: Ball 1-0: Swinging Strike 1-1: Swinging Strike 1-2: Foul Ball, location: 2F 1-2: Foul Ball, location: 2F 1-2: Ball 2-2: Strikes out looking
|
Batting: RHB Jesús Ibarra
|
0-0: Called Strike 0-1: Ball 1-1: Foul Ball, location: 2F 1-2: Ground out 3-1 (Groundball, 34S)
|
Batting: RHB Desi Thompson
|
0-0: Ball 1-0: Swinging Strike 1-1: Swinging Strike 1-2: Strikes out swinging
|
Top of the 9th over - 0 run(s), 0 hit(s), 0 error(s), 0 left on base; Wichita 1 - Santa Fe 0 |
BOTTOM OF THE 9TH |
Santa Fe Diablos batting - Pitching for Wichita Wranglers : RHP Juan Vázquez
|
Pitching: LHP John Livingston
|
|
Now in RF: Leslie Adams
|
|
Pinch Hitting: RHB Joe Haley
|
0-0: Ball 1-0: Swinging Strike 1-1: Ball 2-1: Foul Ball, location: 2F 2-2: Ground out 5-3 (Groundball, 56)
|
Batting: RHB Roberto Zamora
|
0-0: Ball 1-0: Called Strike 1-1: Foul Ball, location: 2F 1-2: Foul Ball, location: 2F 1-2: Ball 2-2: Foul Ball, location: 2F 2-2: Fly out, F3 (Popup, 3F)
|
Batting: SHB António Hernández
|
0-0: Called Strike 0-1: Ball 1-1: Ball 2-1: Ball 3-1: Base on Balls
|
Batting: LHB Don Soper
|
0-0: Swinging Strike 0-1: Ball 1-1: Ball 2-1: Called Strike 2-2: Strikes out swinging
|
Bottom of the 9th over - 0 run(s), 0 hit(s), 0 error(s), 1 left on base; Wichita 1 - Santa Fe 0 |
|